 Dungeon Crawl Stone Soup version 0.28-a0-382-g33c4956463 (console) character file.

Game seed: 286353948245487800

1255 szszszsz the Slasher (level 8, -2/60 HPs)
             Began as a Demonspawn Fighter on Sept 2, 2021.
             Was a Follower of Uskayaw.
             Slain by a seven-headed hydra (10 damage)
             ... on level 6 of the Dungeon.
             The game lasted 00:11:37 (5027 turns).

szszszsz the Slasher (Demonspawn Fighter)           Turns: 5027, Time: 00:11:37

Health: -2/60      AC: 11    Str: 18    XL:     8   Next: 26%
Magic:  8/8        EV: 11    Int: 10    God:    Uskayaw [*.....]
Gold:   314        SH:  5    Dex: 17    Spells: 7/7 levels left

rFire   . . .      SeeInvis .   a - +1 long sword
rCold   . . .      Faith    .   c - +0 buckler
rNeg    . . .      Spirit   .   b - +0 scale mail
rPois   .          Reflect  .   (no helmet)
rElec   .          Harm     +   t - scarf {harm}
rCorr   .          Rampage  .   (no gloves)
Will    +....                   (no boots)
Stlth   +++.......              (no amulet)
HPRegen 0.20/turn               k - +4 ring of protection
MPRegen 0.11/turn               o - ring of willpower

@: no status effects
A: claws 1, thin skeletal structure 2
a: Renounce Religion, Stomp


You were on level 6 of the Dungeon.
You worshipped Uskayaw.
Uskayaw was noncommittal.
You visited 1 branch of the dungeon, and saw 6 of its levels.

You collected 314 gold pieces.

Inventory:

Hand Weapons
 a - a +1 long sword (weapon)
 q - a +0 arbalest
Armour
 b - a +0 scale mail (worn)
 c - a +0 buckler (worn)
 t - a scarf of harm (worn)
 u - a +1 cloak of stealth
Jewellery
 k - a +4 ring of protection (left claw)
 m - a ring of poison resistance
 o - a ring of willpower (right claw)
Wands
 e - a wand of acid (15)
Scrolls
 d - a scroll of identify
 r - a scroll of fog
Potions
 g - a potion of heal wounds
 h - 2 potions of degeneration {unknown}
Miscellaneous
 f - a condenser vane


   Skills:
 + Level 4.2 Fighting
 + Level 6.3 Long Blades
 + Level 5.0 Armour
 + Level 2.9 Dodging
 + Level 1.2 Stealth
 + Level 3.8 Shields


You had 7 spell levels left.
You didn't know any spells.
Your spell library contained the following spells:

 Spells                   Type           Power      Damage    Failure   Level
 Beastly Appendage        Tmut           0%         N/A       75%         1
 Passwall                 Tmut/Erth      0%         N/A       86%         2
 Wereblood                Tmut           0%         N/A       86%         2
 Spider Form              Tmut/Pois      0%         N/A       98%         3
 Swiftness                Air            0%         N/A       98%         3
 Invisibility             Hex            0%         N/A       100%        6


Dungeon Overview and Level Annotations

Branches:
Dungeon (6/15)             Temple (0/1) D:6

Altars:
Uskayaw


Innate Abilities, Weirdness & Mutations

You have sharp fingernails.
You have a moderately thin skeletal structure. (Dex +4, Stealth++)


Message History

You block the six-headed hydra's attack.
The six-headed hydra barely misses you.
You block the six-headed hydra's attack.
The six-headed hydra bites you. The six-headed hydra barely misses you.
The six-headed hydra bites you but does no damage.
You chop one of the six-headed hydra's heads off!
The five-headed hydra grows two more!
You slash the seven-headed hydra!
The seven-headed hydra is lightly wounded.
The seven-headed hydra bites you but does no damage.
The seven-headed hydra bites you.
The seven-headed hydra bites you but does no damage.
The seven-headed hydra bites you!
The seven-headed hydra closely misses you.
The seven-headed hydra bites you!
The seven-headed hydra bites you but does no damage.
You are too injured to fight recklessly!
You are too injured to fight recklessly!
You feel much better.
The seven-headed hydra barely misses you.
The seven-headed hydra bites you but does no damage.
The seven-headed hydra barely misses you.
The seven-headed hydra closely misses you.
The seven-headed hydra bites you! The seven-headed hydra bites you.
The seven-headed hydra bites you!
You are too injured to fight recklessly!
You feel better.
The seven-headed hydra bites you but does no damage.
The seven-headed hydra bites you.
You block the seven-headed hydra's attack.
The seven-headed hydra bites you.
The seven-headed hydra barely misses you.
The seven-headed hydra bites you!
* * * LOW HITPOINT WARNING * * *
You block the seven-headed hydra's attack.
As you read the scroll of fear, it crumbles to dust.
You assume a fearsome visage.
The seven-headed hydra looks frightened!
The seven-headed hydra seems to regain its courage.
The seven-headed hydra bites you!
You die...

### ## #.. .# #.# .# #.# .# ##
########.# .# ...#........####.##
..................#
...............@D.#
......#.##........# ##########
#######.#.../.....####........#
####.....#.#..##...............#
.....#####.#..##.######........##
.................................
.....#####.#.###.#######........#
####.# #.#.. ..# #........#
####.##### #........#


You could see a seven-headed hydra.

Vanquished Creatures
  Eustachio (D:5)
  Menkaure (D:5)
  A necrophage (D:5)
  An ice beast (D:6)
  A phantom (D:5)
  3 scorpions
  A howler monkey (D:5)
  A bullfrog zombie (D:6)
  A centaur zombie (D:6)
  Crazy Yiuf (D:5)
  A jelly (D:6)
  3 hounds
  3 iguanas
  A scorpion zombie (D:4)
  4 gnolls
  A howler monkey skeleton (D:4)
  9 adders
  A river rat (D:4)
  A white imp (D:5)
  An ufetubus (D:6)
  An adder skeleton (D:4)
  4 worms (D:4)
  2 dart slugs
  An orc (D:4)
  6 endoplasms
  3 giant cockroaches
  4 goblins
  7 hobgoblins
  2 quokkas
  4 ball pythons
  A bat (D:2)
  3 frilled lizards
  3 kobolds (D:1)
  9 rats
87 creatures vanquished.

Notes
Turn   | Place    | Note
-------+----------+-------------------------------------------
     0 | D:1      | szszszsz the Demonspawn Fighter began the quest for the
                  | Orb.
     0 | D:1      | Reached XP level 1. HP: 18/18 MP: 1/1
   490 | D:1      | Gained mutation: You have a somewhat thin skeletal
                  | structure. (Dex +2, Stealth+) [demonic ancestry]
   490 | D:1      | Reached XP level 2. HP: 18/22 MP: 2/2
   749 | D:1      | Reached skill level 2 in Long Blades
  1249 | D:2      | Gained mutation: You have sharp fingernails. [demonic
                  | ancestry]
  1249 | D:2      | Reached XP level 3. HP: 18/29 MP: 3/3
  1703 | D:2      | Found a faded altar of an unknown god.
  2202 | D:4      | Noticed a scorpion
  2207 | D:4      | Killed a scorpion
  2208 | D:4      | Reached skill level 3 in Long Blades
  2208 | D:4      | Reached XP level 4. HP: 35/35 MP: 4/4
  2382 | D:4      | Reached XP level 5. HP: 41/41 MP: 5/5
  2983 | D:4      | Reached skill level 4 in Long Blades
  3000 | D:4      | Reached XP level 6. HP: 39/47 MP: 6/6
  3180 | D:4      | Reached skill level 1 in Dodging
  3470 | D:5      | Entered Level 5 of the Dungeon
  3555 | D:5      | Found a hide-covered altar of Uskayaw.
  3787 | D:5      | Found a runed translucent door.
  3788 | D:5      | Noticed Crazy Yiuf
  3795 | D:5      | Killed Crazy Yiuf
  3898 | D:5      | Noticed Menkaure
  3908 | D:5      | Killed Menkaure
  3909 | D:5      | Reached skill level 5 in Long Blades
  3909 | D:5      | Reached XP level 7. HP: 50/53 MP: 7/7
  3993 | D:5      | Noticed Eustachio
  4103 | D:5      | Became a worshipper of Uskayaw the Reveller
  4184 | D:5      | Reached * piety under Uskayaw
  4224 | D:5      | Reached ** piety under Uskayaw
  4287 | D:5      | Killed Eustachio
  4440 | D:5      | Reached skill level 6 in Long Blades
  4440 | D:5      | Gained mutation: You have a moderately thin skeletal
                  | structure. (Dex +4, Stealth++) [demonic ancestry]
  4440 | D:5      | Reached XP level 8. HP: 58/60 MP: 8/8
  4527 | D:5      | Reached *** piety under Uskayaw
  4651 | D:6      | Found a staircase to the Ecumenical Temple.
  4869 | D:6      | Reached skill level 1 in Stealth
  4885 | D:6      | Reached skill level 5 in Armour
  5013 | D:6      | Noticed a five-headed hydra
  5027 | D:6      | Slain by a seven-headed hydra

Illustrated notes

Levels and vault maps discovered:
D:1:      grunt_arrival_crossed_arrows, layout_loops_ring
D:2:      layout_loops_corners, dreamdust_ecumenical_altar_grove,
          minmay_tromino_v7
D:3:      layout_loops_corners, grunt_temple_overflow_magic_moments,
          serial_shops, shop_fountains
D:4:      kb_forest_paths, layout_basic, lightli_sewer_entry_pipes,
          cheibrodos_gnoll_hut
D:5:      layout_loops_cross, nicolae_uskayaw_suspiria, minmay_checkerbox,
          uniq_crazy_yiuf_cottage, uniq_eustachio, uniq_menkaure
D:6:      layout_basic, minmay_temple_entry_glassed_door, uniq_prince_ribbit1

Skill      XL: |  1  2  3  4  5  6  7  8 |
---------------+-------------------------+-----
Armour         | 3 4 5 |  5.0
Long Blades    | 2 3 4 5 6 |  6.3
Dodging        | 1 2 |  2.9
Shields        | 3 |  3.8
Fighting       | 4 |  4.2
Stealth        | 1 |  1.2

Action                   |  1- 3 |  4- 6 |  7- 9 || total
-------------------------+-------+-------+-------++-------
Melee: Long sword        |    87 |   193 |   114 ||   394
  Use: Potion            |     1 |     2 |     8 ||    11
       Scroll            |       |       |     9 ||     9
 Stab: Sleeping          |       |     1 |     2 ||     3
       Distracted        |       |       |     1 ||     1
       Paralysed         |       |       |     1 ||     1
Armor: Scale mail        |    44 |    91 |   169 ||   304
Dodge: Dodged            |    23 |    76 |   150 ||   249
Block: Buckler           |    13 |    58 |    69 ||   140

Table legend: (Time is in decaauts)
 A = Elapsed time spent in this place.
 B = Non-inter-level travel time spent in this place.
 C = Inter-level travel time spent in this place.
 D = Time resting spent in this place.
 E = Time spent auto-exploring this place.
 F = Levels seen in this place.
 G = Mean time per level.
                   A        B        C        D        E       F      G
               +--------+--------+--------+--------+--------+-----+--------+
         Total |   5118 |   5118 |      0 |    188 |   3763 |   6 |  853.0 |
       Dungeon |   5118 |   5118 |      0 |    188 |   3763 |   6 |  853.0 |
               +--------+--------+--------+--------+--------+-----+--------+

Top non-repeatable levels by time:
     D:4: 1425 daAuts
     D:5: 1138 daAuts
     D:1: 1083 daAuts
     D:2: 989 daAuts
     D:6: 413 daAuts
     D:3: 68 daAuts
